 Dungeon Crawl Stone Soup version 0.31.0-11-ge490571c62 (webtiles) character file.

Game seed: 1166304330949065292

714 qw the Shooter (level 7, -2/35 HPs)
             Began as a Spriggan Hunter on Feb 5, 2024.
             Slain by a white imp (4 damage)
             ... summoned by Eustachio
             ... on level 5 of the Dungeon.
             The game lasted 00:02:09 (3505 turns).

qw the Shooter (Spriggan Hunter)                    Turns: 3505, Time: 00:02:09

Health: -2/35      AC:  2    Str:  7      XL:     7   Next: 41%
Magic:  8/8        EV: 21    Int: 11      God:
Gold:   267        SH:  0    Dex: 18 (20) Spells: 6/6 levels left

rFire   . . .        a - +1 shortbow
rCold   . . .        (shield currently unavailable)
rNeg    . . .        c - +0 robe
rPois   .            (helmet restricted)
rElec   .            (no cloak)
rCorr   .            (gloves unavailable)
SInv    +            (boots unavailable)
Will    ++...        (no amulet)
Stlth   ++           e - ring of willpower
HPRegen 0.25/turn    (no ring)
MPRegen 0.11/turn

%: no passive effects
@: about to teleport, very quick
A: very small, no large weapons, unfitting armour, see invisible, speed 3
a: no special abilities


You were on level 5 of the Dungeon.
You visited 1 branch of the dungeon, and saw 5 of its levels.

You collected 267 gold pieces.


Innate Abilities, Weirdness & Mutations

You are very small and have problems with some larger weapons.
You are too small for most types of armour.
You have supernaturally acute eyesight. (SInv)
You cover ground extremely quickly. (Speed+++)


   Skills:
 - Level 2.1 Fighting
 + Level 7.4 Ranged Weapons
 - Level 7.0 Dodging
 - Level 1.5 Stealth


You had 6 spell levels left.
You didn't know any spells.
Your spell library was empty.

Inventory:

Hand Weapons
 a - a +1 shortbow (weapon)
Armour
 c - a +0 robe (worn)
Jewellery
 e - a ring of willpower (left hand)
 g - a +6 ring of dexterity
Wands
 i - a wand of flame (11)
Scrolls
 h - 2 scrolls of revelation {unknown}
Potions
 b - a potion of enlightenment {unknown}
 d - 4 potions of curing

Dungeon Overview and Level Annotations

Branches:
Dungeon (5/15)
 Temple: D:4-7

Altars:
Zin

Annotations:
D:5 Eustachio


Message History

The bat hits you but does no damage.
Eustachio mumbles some strange words.
3494 ||| RETREEEEATING.
The bat attacks as it pursues you! The bat hits you but does no damage.
Items here: %% ))) [[.
You shoot an arrow. The arrow hits the bat.
You kill the bat!
The bat's corpse disappears in a puff of smoke!
You shoot an arrow. The arrow misses the bat.
The bat closely misses you. The bat misses you.
You shoot an arrow. The arrow closely misses the bat.
The bat completely misses you. The bat hits you but does no damage.
You shoot an arrow. The arrow closely misses the bat.
The bat completely misses you. The bat misses you.
You shoot an arrow. The arrow hits the bat!
You kill the bat!
The bat's corpse disappears in a puff of smoke!
You shoot an arrow. The arrow closely misses Eustachio.
Eustachio mumbles some strange words.
You shoot an arrow. The arrow barely misses Eustachio.
The arrow hits the rat!
You kill the rat!
The rat's corpse disappears in a puff of smoke!
The crimson imp disappears in a puff of smoke!
Eustachio casts a spell.
Eustachio blinks!
The crimson imp closely misses you. The white imp hits you.
The white imp freezes you.
3502 ||| RETREEEEATING.
You shoot an arrow. The arrow barely misses the rat.
The rat misses you.
You shoot an arrow.
The arrow completely misses the white imp.
The white imp misses you. The rat completely misses you.
The white imp gestures at you. The puff of frost hits you!
3505 ||| READING scroll of teleportation.
As you read the scroll of teleportation, it crumbles to dust.
You feel strangely unstable. The white imp closely misses you.
The rat barely misses you. The white imp hits you. The white imp freezes you.
You die...

#.....#.......#####
##.............#...##
#...................#
#...................#
#...................#
#....@..............#
#....5.........#...##
#....#####+##.##5####.....#####
#....##....##.##@####....>#
#.....#........#5r....<...#
#.....#........#.........(#
#.....#........#.[........#
#....##........#..........#
#....##........#...##....##
#..............#....######
#....##.....#..#...[#
#....##.....#########


You could see Eustachio, a crimson imp (summoned), 2 white imps and a rat
(summoned).

Vanquished Creatures
  Sigmund (D:4)
  Menkaure (D:5)
  An ice beast (D:5)
  A scorpion (D:4)
  A bombardier beetle (D:3)
  2 hounds (D:4)
  An iguana (D:4)
  3 orc wizards
  3 adders
  2 dart slugs
  16 orcs
  6 ball pythons
  9 bats
  5 endoplasms
  2 giant cockroaches
  6 goblins
  4 hobgoblins
  3 jackals (D:2)
  7 quokkas
  A frilled lizard (D:1)
  7 kobolds
  2 rats
  A spectral goblin (D:1)
85 creatures vanquished.

Notes
Turn   | Place    | Note
-------+----------+-------------------------------------------
     0 | D:1      | qw the Spriggan Hunter began the quest for the Orb.
     0 | D:1      | Reached XP level 1. HP: 10/10 MP: 2/2
     0 | D:1      | 0 ||| qw: Version: 0.3-a-160-g6735b56
     0 | D:1      | 0 ||| qw: Game counter: 6526
     0 | D:1      | 0 ||| qw: Melee chars always use a shield: true
     0 | D:1      | 0 ||| qw: God list: Okawaru
     0 | D:1      | 0 ||| qw: Allow faded altars: false
     0 | D:1      | 0 ||| qw: Do Orc after clearing Dungeon:15 true
     0 | D:1      | 0 ||| qw: Do second Lair branch before Depths: true
     0 | D:1      | 0 ||| qw: Lair rune preference: random
     0 | D:1      | 0 ||| qw: Goals: Normal
     0 | D:1      | 0 ||| PLANNING D:1-11
    52 | D:1      | Reached skill level 3 in Dodging
   121 | D:1      | Reached XP level 2. HP: 14/14 MP: 3/3
   237 | D:1      | Found a faded altar of an unknown god.
   632 | D:1      | 632 ||| READING 2 scrolls labelled NEBONA WUAQI.
   633 | D:1      | 633 ||| READING scroll labelled SIXKIO WEXY.
   634 | D:1      | 634 ||| DROPPING scroll of butterflies.
   635 | D:1      | 635 ||| DROPPING scroll of blinking.
   763 | D:2      | Reached XP level 3. HP: 18/18 MP: 4/4
  1325 | D:2      | 1325 ||| READING scroll labelled BEIMIA VOHE.
  1426 | D:2      | 1426 ||| READING scroll labelled QUGOHI YKHO.
  1426 | D:2      | 1426 ||| ENCHANTING +0 shortbow.
  1457 | D:3      | 1457 ||| STAIRDANCE
  1531 | D:3      | Reached XP level 4. HP: 22/22 MP: 5/5
  2059 | D:3      | HP: 5/22 [orc/+0 dagger (3)]
  2162 | D:3      | 2162 ||| READING 2 scrolls labelled CUIFAI VETHRASU.
  2162 | D:3      | 2162 ||| IDENTIFYING glowing amethyst potion
  2163 | D:3      | 2163 ||| READING scroll of identify.
  2163 | D:3      | 2163 ||| IDENTIFYING golden potion
  2164 | D:3      | 2164 ||| DRINKING 3 fizzy dark potions.
  2165 | D:3      | 2165 ||| DRINKING 3 fuming pink potions.
  2166 | D:3      | 2166 ||| DROPPING potion of lignification.
  2167 | D:3      | 2167 ||| DROPPING potion of attraction.
  2228 | D:4      | Found a glowing silver altar of Zin.
  2318 | D:4      | HP: 5/23 [orc/+1 dagger of electrocution (3)]
  2319 | D:4      | 2319 ||| DRINKING 2 potions of heal wounds.
  2322 | D:4      | Reached XP level 5. HP: 21/26 MP: 6/6
  2324 | D:4      | HP: 2/26 [orc/+1 dagger of electrocution (11)]
  2325 | D:4      | 2325 ||| DRINKING potion of heal wounds.
  2526 | D:4      | Noticed Sigmund
  2536 | D:4      | Killed Sigmund
  2537 | D:4      | Reached skill level 6 in Ranged Weapons
  2537 | D:4      | Reached XP level 6. HP: 13/30 MP: 7/7
  2963 | D:4      | Reached skill level 6 in Dodging
  3255 | D:4      | 3255 ||| UPGRADING to ring of willpower.
  3256 | D:4      | 3256 ||| READING 3 scrolls of identify.
  3256 | D:4      | 3256 ||| IDENTIFYING bubbling ruby potion
  3257 | D:4      | 3257 ||| READING 2 scrolls of identify.
  3257 | D:4      | 3257 ||| IDENTIFYING viscous sapphire potion
  3258 | D:4      | 3258 ||| READING scroll of identify.
  3258 | D:4      | 3258 ||| IDENTIFYING scroll labelled HANUSI HI LUKA
  3259 | D:4      | 3259 ||| DROPPING potion of invisibility.
  3260 | D:4      | 3260 ||| DROPPING potion of magic.
  3287 | D:5      | Entered Level 5 of the Dungeon
  3288 | D:5      | Noticed Menkaure
  3290 | D:5      | 3290 ||| ZAPPING wand of flame (15) at 0,-6 (Menkaure;
                  | floor).
  3291 | D:5      | 3291 ||| ZAPPING wand of flame (14) at 0,-6 (Menkaure;
                  | floor).
  3292 | D:5      | 3292 ||| ZAPPING wand of flame (13) at 0,-5 (Menkaure;
                  | floor).
  3293 | D:5      | 3293 ||| FLEEEEING.
  3294 | D:5      | 3294 ||| STAIRDANCE
  3351 | D:5      | 3351 ||| ZAPPING wand of flame (12) at 0,-4 (Menkaure;
                  | floor).
  3351 | D:5      | Killed Menkaure
  3352 | D:5      | Reached XP level 7. HP: 35/35 MP: 8/8
  3407 | D:5      | 3407 ||| FLEEEEING.
  3436 | D:5      | Noticed Eustachio
  3446 | D:5      | 3446 ||| RETREEEEATING.
  3447 | D:5      | 3447 ||| RETREEEEATING.
  3448 | D:5      | 3448 ||| RETREEEEATING.
  3449 | D:5      | 3449 ||| RETREEEEATING.
  3450 | D:5      | 3450 ||| RETREEEEATING.
  3451 | D:5      | 3451 ||| RETREEEEATING.
  3452 | D:5      | 3452 ||| RETREEEEATING.
  3453 | D:5      | 3453 ||| RETREEEEATING.
  3454 | D:5      | 3454 ||| RETREEEEATING.
  3455 | D:5      | 3455 ||| RETREEEEATING.
  3456 | D:5      | 3456 ||| RETREEEEATING.
  3457 | D:5      | 3457 ||| RETREEEEATING.
  3458 | D:5      | 3458 ||| RETREEEEATING.
  3459 | D:5      | 3459 ||| RETREEEEATING.
  3494 | D:5      | 3494 ||| RETREEEEATING.
  3502 | D:5      | 3502 ||| RETREEEEATING.
  3504 | D:5      | HP: 4/35 [white imp/puff of frost[Eustachio] (9)]
  3505 | D:5      | 3505 ||| READING scroll of teleportation.
  3505 | D:5      | Slain by a white imp

Levels and vault maps discovered:
D:1:      minmay_arrival_hallway, layout_basic,
          dreamdust_ecumenical_altar_drowned_temple
D:2:      layout_basic
D:3:      layout_basic
D:4:      layout_basic, lemuel_crystal_altar, uniq_sigmund
D:5:      layout_gridville, ebering_ghost_reflecting_pool, uniq_eustachio,
          uniq_pikel, uniq_menkaure, uniq_ijyb

Skill      XL: |  1  2  3  4  5  6 |
---------------+-------------------+-----
Dodging        | 3 4 5 7 |  7.0
Ranged Weapons | 5 6 7 |  7.4
Fighting       | 2 |  2.1
Stealth        | |  1.5

Action                     |  1- 3 |  4- 6 |  7- 9 || total
---------------------------+-------+-------+-------++-------
   Fire: Shortbow          |    97 |   151 |    71 ||   319
  Evoke: Wand              |       |     4 |       ||     4
    Use: Scroll            |     4 |     5 |     1 ||    10
         Potion            |       |     4 |       ||     4
 Armour: Robe              |     7 |    26 |    40 ||    73
  Dodge: Dodged            |    16 |    84 |   101 ||   201

Table legend:
 A = Non-vault XP
 B = Vault XP
 C = Vault XP percentage of total XP
 D = Non-vault monster count
 E = Vault monster count
 F = Vault count percentage of total count
                 A         B        C        D         E       F
            +---------+---------+-------+---------+---------+-------
      Total |     622 |     399 |  39.1 |      82 |       3 |   3.5
            +---------+---------+-------+---------+---------+-------
        D:1 |      35 |       1 |   2.8 |      19 |       1 |   5.0
        D:2 |      25 |       0 |   0.0 |      15 |       0 |   0.0
        D:3 |     119 |       0 |   0.0 |      22 |       0 |   0.0
        D:4 |     322 |     223 |  40.9 |      21 |       1 |   4.5
        D:5 |     121 |     175 |  59.1 |       5 |       1 |  16.7
            +---------+---------+-------+---------+---------+-------
